Map: Frozen Temple

Players

IIIIIIIIIIII (State)

  • Race: Protoss Protoss
  • League: Grandmaster

llllllllllll (Scarlett) - Winner!

  • Race: Zerg Zerg
  • League: Master

VOD

https://www.youtube.com/watch?v=kHJxehml6XM

Description

Time

  • Played on: Aug. 4, 2016, 1:07 a.m.
  • Length: 12:04
Show
View Real Time Build Order
Export as new Build Order

IIIIIIIIIIII Protoss 

Build Orders: 1 Gate Expand 

Get SALT Encoding   

  12  0:01  Probe (Chrono Boost)  
  13  0:12  Probe (Chrono Boost)  
  14  0:17  Pylon  
  14  0:22  Probe (Chrono Boost)  
  15  0:36  Probe (Chrono Boost), Gateway  
  16  0:42  Assimilator  
  16  0:46  Probe (Chrono Boost)  
  18  0:57  Probe (Chrono Boost)  
  18  1:07  Probe (Chrono Boost)  
  19  1:18  Nexus  
  19  1:21  Probe (Chrono Boost)  
  20  1:31  Cybernetics Core  
  20  1:34  Probe (Chrono Boost)  
  21  1:40  Assimilator  
  21  1:44  Probe (Chrono Boost)  
  22  1:49  Pylon  
  22  1:55  Probe (Chrono Boost)  
  23  2:04  Adept  
  23  2:08  Warp Gate  
  26  2:09  Probe (Chrono Boost)  
  26  2:21  Twilight Council, Probe (Chrono Boost)  
  27  2:30  Stalker  
  27  2:32  Probe x2 (Chrono Boost)  
  31  2:43  Probe x2 (Chrono Boost)  
  33  2:45  Resonating Glaives  
  33  2:54  Probe (Chrono Boost)  
  33  2:55  Probe (Chrono Boost)  
  35  3:04  Probe (Chrono Boost)  
  37  3:07  Probe (Chrono Boost)  
  37  3:15  Probe (Chrono Boost)  
  37  3:19  Probe (Chrono Boost)  
  37  3:21  Gateway  
  37  3:24  Gateway  
  37  3:25  Probe (Chrono Boost)  
  38  3:31  Probe (Chrono Boost)  
  38  3:32  Robotics Facility  
  39  3:37  Mothership Core (Chrono Boost)  
  41  3:43  Probe (Chrono Boost)  
  41  3:46  Pylon  
  42  3:51  Pylon  
  42  3:53  Assimilator  
  43  3:55  Probe (Chrono Boost)  
  43  3:56  Probe (Chrono Boost)  
  43  4:02  Pylon  
  44  4:08  Probe x2 (Chrono Boost)  
  46  4:12  Adept  
  48  4:18  Adept  
  48  4:20  Adept  
  52  4:25  Observer, Nexus  
  52  4:29  Pylon  
  55  4:32  Probe x2 (Chrono Boost)  
  55  4:36  Adept  
  57  4:39  Adept  
  57  4:40  Adept  
  57  4:41  Warp Prism  
  61  4:50  Probe (Chrono Boost)  
  61  4:52  Probe (Chrono Boost)  
  65  4:59  Adept x2  
  69  5:00  Adept  
  73  5:08  Probe x2 (Chrono Boost)  
  73  5:10  Blink  
  73  5:20  Probe x2 (Chrono Boost)  
  75  5:26  Robotics Bay  
  75  5:32  Probe (Chrono Boost)  
  75  5:33  Probe (Chrono Boost)  
  77  5:36  Pylon  
  77  5:37  Pylon  
  75  5:44  Pylon  
  75  5:49  Adept x3  
  77  5:52  Probe (Chrono Boost)  
  77  5:53  Probe (Chrono Boost)  
  79  5:59  Probe (Chrono Boost)  
  81  6:05  Probe (Chrono Boost)  
  81  6:06  Probe (Chrono Boost)  
  81  6:11  Disruptor, Gateway  
  82  6:12  Gateway  
  82  6:14  Stalker x3  
  82  6:17  Gateway x2  
  91  6:32  Probe (Chrono Boost)  
  92  6:37  Probe (Chrono Boost)  
  92  6:38  Probe (Chrono Boost)  
  94  6:44  Disruptor, Probe (Chrono Boost), Forge  
  95  6:47  Probe (Chrono Boost)  
  95  6:50  Probe (Chrono Boost)  
  100  6:56  Probe (Chrono Boost)  
  100  6:58  Probe (Chrono Boost)  
  100  7:07  Assimilator, Probe (Chrono Boost)  
  100  7:08  Assimilator, Probe (Chrono Boost)  
  94  7:10  Pylon  
  94  7:12  Pylon  
  94  7:13  Stalker x3, Pylon  
  94  7:15  Pylon  
  100  7:17  Disruptor  
  100  7:21  Protoss Ground Weapons Level 1  
  103  7:28  Pylon  
  105  7:30  Pylon, Probe x2 (Chrono Boost)  
  105  7:39  Pylon  
  105  7:41  Stalker x3, Robotics Facility  
  105  7:42  Gateway  
  105  7:44  Adept x4  
  113  7:51  Gravitic Drive  
  119  7:52  Warp Prism  
  119  7:54  Gateway  
  121  7:59  Gateway  
  121  8:05  Photon Cannon  
  121  8:07  Pylon  
  121  8:08  Adept x4  
  121  8:09  Adept x2  
  133  8:24  Adept  
  135  8:32  Pylon  
  135  8:36  Disruptor  
  135  8:39  Stalker x6  
  135  8:40  Disruptor  
  151  9:09  Observer  
  112  9:12  Adept x7  
  112  9:13  Protoss Ground Weapons Level 2  
  112  9:16  Disruptor  
  127  9:36  Observer  
  128  9:46  Adept  
  128  9:47  Nexus, Adept x9  
  128  9:48  Observer Gravitic Boosters  
  128  9:49  Pylon  
  148  9:53  Pylon  
  148  9:54  Pylon  
  148  9:56  Pylon  
  148  10:02  Photon Cannon  
  148  10:03  Photon Cannon  
  148  10:07  Stalker x4  
  148  10:12  Stalker  
  148  10:13  Stalker  
  160  10:18  Photon Cannon  
  160  10:19  Photon Cannon  
  160  10:20  Disruptor  
  155  10:31  Photon Cannon  
  151  10:45  Disruptor  
  106  10:52  Adept x8  
  115  11:01  Stalker x2  
  118  11:14  Stalker x2  
  118  11:16  Nexus  
  122  11:18  Pylon  
  122  11:35  Zealot x8  
Show
View Real Time Build Order
Export as new Build Order

llllllllllll Zerg - Winner!

Build Orders: Hatch First, Muta Ling Bane 

Get SALT Encoding   

  12  0:00  Drone  
  13  0:13  Overlord  
  13  0:17  Drone  
  14  0:31  Drone x2  
  16  0:35  Drone  
  17  0:51  Hatchery  
  17  0:54  Drone  
  17  0:59  Drone  
  18  1:09  Extractor  
  17  1:13  Spawning Pool  
  17  1:15  Drone  
  18  1:18  Drone  
  18  1:29  Drone  
  19  1:39  Overlord  
  19  1:50  Drone  
  20  1:59  Queen  
  20  2:01  Zergling x2  
  23  2:03  Queen, Drone  
  26  2:13  Metabolic Boost  
  26  2:16  Drone  
  26  2:19  Drone  
  28  2:32  Hatchery  
  28  2:35  Drone x2  
  29  2:38  Overlord  
  29  2:44  Zergling x4  
  31  2:56  Overlord  
  31  2:57  Drone  
  32  2:59  Queen  
  32  3:09  Spore Crawler  
  31  3:14  Drone x6  
  36  3:21  Drone x3  
  40  3:28  Drone x2  
  42  3:39  Drone x2  
  44  3:43  Roach Warren  
  44  3:46  Overlord  
  43  3:49  Drone  
  43  3:50  Drone x3  
  47  3:56  Drone x2  
  47  3:58  Queen  
  47  4:00  Extractor  
  47  4:01  Drone x2  
  52  4:07  Drone x3  
  55  4:13  Extractor, Drone  
  57  4:24  Roach x5  
  57  4:31  Overlord x3  
  65  4:34  Drone  
  66  4:40  Overlord  
  66  4:41  Overlord  
  66  4:54  Roach  
  66  4:55  Roach x6  
  80  5:01  Zergling x8  
  84  5:11  Zergling x2  
  84  5:12  Zergling x12  
  91  5:18  Evolution Chamber  
  90  5:25  Overlord  
  90  5:29  Zergling x16  
  90  5:32  Evolution Chamber  
  97  5:41  Drone x6  
  101  5:48  Zerg Melee Weapons Level 1  
  100  5:50  Ravager  
  100  5:51  Ravager x4  
  105  5:59  Overlord x2  
  105  6:12  Drone x9  
  114  6:18  Lair  
  114  6:20  Extractor  
  113  6:38  Drone x7  
  113  6:39  Drone x3  
  122  6:57  Drone  
  122  6:58  Drone x9  
  127  7:05  Drone x3  
  126  7:13  Extractor  
  126  7:14  Extractor  
  124  7:15  Hatchery  
  124  7:22  Drone x3  
  126  7:23  Drone  
  126  7:24  Hatchery  
  126  7:27  Spire  
  126  7:28  Baneling Nest  
  124  7:32  Overlord x3  
  124  7:33  Overlord x2  
  124  7:37  Overlord  
  124  7:40  Ravager x3  
  124  7:41  Ravager x2  
  124  7:42  Overlord x5  
  129  7:49  Zerg Melee Weapons Level 2  
  129  7:54  Drone  
  129  7:56  Queen  
  129  7:58  Overseer  
  132  8:00  Overseer  
  132  8:06  Zergling x14  
  132  8:08  Hatchery  
  132  8:11  Centrifical Hooks  
  138  8:19  Spore Crawler, Spine Crawler, Drone x2  
  138  8:29  Zergling x24  
  138  8:31  Ravager x2  
  138  8:32  Zergling x2  
  138  8:33  Zergling x2  
  154  8:35  Zergling x2  
  154  8:36  Zergling x2  
  154  8:39  Baneling x9  
  156  8:47  Zergling x16  
  164  8:54  Zergling x6  
  167  8:58  Zerg Flyer Weapons Level 1  
  156  9:08  Zergling x2  
  156  9:09  Zergling x26  
  149  9:17  Zergling x2  
  149  9:18  Zergling x4  
  150  9:25  Mutalisk x7  
  150  9:28  Mutalisk x2  
  150  9:29  Mutalisk  
  170  9:34  Zergling x10  
  170  9:38  Mutalisk  
  177  9:39  Mutalisk  
  177  9:42  Zergling x8  
  177  9:44  Baneling x4  
  183  9:45  Zergling x2  
  183  9:46  Zergling x4  
  183  9:48  Zergling x2  
  183  9:49  Zergling x2  
  188  9:54  Zergling x2  
  188  9:55  Zergling x18  
  188  9:58  Zergling x2  
  188  9:59  Baneling  
  199  10:00  Baneling x2  
  199  10:05  Spine Crawler, Zerg Ground Armor Level 1  
  198  10:09  Zergling x2  
  198  10:13  Baneling  
  198  10:14  Baneling x6  
  167  10:46  Zergling x26  
  156  10:53  Zergling x2  
  156  10:54  Zergling x32  
  156  10:57  Zergling x10  
  177  11:05  Spore Crawler  
  177  11:06  Spine Crawler  
  177  11:07  Spine Crawler  
  177  11:11  Zergling x28  
  188  11:24  Baneling  
  188  11:25  Baneling x20  
  188  11:27  Zergling x24  
  188  11:32  Overseer x2  
Tags
 
Add a new tag
Caveats
  • Supply blocks, unpowered buildings, or Contaminate may cause inaccurate times.
  • Supply counts are checked every 10 seconds.